 Dungeon Crawl Stone Soup version 0.29.0-4-gdea44cf6ec (webtiles) character file.

Game seed: 12593721575079558486

398 qw the Cleaver (level 6, -12/35 (37) HPs)
             Began as a Tengu Warper on Aug 28, 2022.
             Mangled by a wight
             ... wielding a +3 battleaxe
              (13 damage)
             ... on level 4 of the Dungeon.
             The game lasted 00:00:26 (3866 turns).

qw the Cleaver (Tengu Warper)                       Turns: 3866, Time: 00:00:27

HP:   -12/35 (37)   AC: 12    Str: 13    XL:     6   Next: 83%
MP:   10/10         EV:  7    Int: 14    God:
Gold: 105           SH:  0    Dex: 13    Spells: 9/9 levels left

rFire   . . .      SeeInvis .   Y - +0 hand axe
rCold   . . .      Faith    .   (no shield)
rNeg    . . .      Spirit   .   h - +0 chain mail
rPois   .          Reflect  .   (helmet restricted)
rElec   .          Harm     .   j - +2 cloak {Will+}
rCorr   .          Rampage  .   (no gloves)
Will    +....                   (boots unavailable)
Stlth   ..........              (no amulet)
HPRegen 0.11/turn               (no ring)
MPRegen 0.12/turn               (no ring)

@: flying quickly and evasively, drained, quick
A: beak, talons 3, nimble flight
a: no special abilities


You were on level 4 of the Dungeon.
You visited 1 branch of the dungeon, and saw 4 of its levels.

You collected 105 gold pieces.


Innate Abilities, Weirdness & Mutations

You have a beak for a mouth.
You have claws for feet.
Your magical nature lets you fly swiftly and evasively.


   Skills:
 + Level 3.3 Fighting
 - Level 12.1 Axes
 - Level 1.0 Throwing
 - Level 3.1 Armour
 - Level 2.1 Dodging
 - Level 2.0 Spellcasting
 - Level 2.4 Translocations


You had 9 spell levels left.
You didn't know any spells.
Your spell library contained the following spells:

 Spells                   Type           Power      Damage    Failure   Level
 Blink                    Tloc           16%        N/A       99%         2
 Gell's Gravitas          Tloc           8%         N/A       100%        3
 Lesser Beckoning         Tloc           8%         N/A       100%        3
 Teleport Other           Tloc           8%         N/A       100%        3
 Manifold Assault         Tloc           8%         N/A       100%        5

Inventory:

Hand Weapons
 e - a +0 flail
 Y - a +0 hand axe (weapon)
Missiles
 b - 2 boomerangs (quivered)
Armour
 h - a +0 chain mail (worn)
 j - a +2 cloak of willpower (worn)
Scrolls
 a - 4 scrolls of identify
 c - a scroll of butterflies {unknown}
Potions
 d - a potion of curing
 k - a potion of mutation
 n - a potion of resistance

Dungeon Overview and Level Annotations

Branches:
Dungeon (4/15)
 Temple: D:4-7

Altars:
Cheibriados
Dithmenos
Trog

Shops:
D:1 =


Message History

The wight hits you with a +3 battleaxe. The wight closely misses you.
You completely miss the wight. You claw the wight. Your peck misses the wight.
Your punch misses the wight.
The wight is heavily damaged.
You hit the wight.
The wight hits you but does no damage. x2
You hit the wight. Your kick misses the wight. Your peck misses the wight.
The wight is severely damaged.
You barely miss the wight. You closely miss the wight.
You claw the wight, but do no damage.
The wight is severely damaged.
You completely miss the wight. The wight barely misses you.
The wight hits you with a +1 spear of flaming!
You feel drained. The wight burns you.
You hit the wight. You claw the wight, but do no damage.
You peck the wight, but do no damage.
The wight is severely damaged.
You hit the wight but do no damage. The wight hits you but does no damage.
The wight hits you with a +1 spear of flaming.
The wight burns you.
You closely miss the wight. You claw the wight, but do no damage.
The wight is severely damaged.
You closely miss the wight. You barely miss the wight.
The wight is severely damaged.
You hit the wight but do no damage. The wight barely misses you.
The wight hits you but does no damage.
You hit the wight but do no damage. Your kick misses the wight.
The wight is severely damaged.
You barely miss the wight. The wight hits you but does no damage.
The wight hits you with a +1 spear of flaming.
The wight burns you.
You closely miss the wight. You peck the wight.
The wight is severely damaged.
You hit the wight. The wight hits you with a +3 battleaxe!
You die...

%##¤¤¤##......#.....#.......###..
?.....###...#.#.....#........##..
......# #..........##......##.#).
......###..........##....#..o....
....)....../.......# #.#.#...##..
.......#.#...#...#.# #.# ##.# ##.
.........##.###).###...# #. .
......#....####)##...... # .
##....###...#..)@z...... # #..#.#
##..#..##z#..... #..##.. ....#
... ... #.. #.. ..... .#... .
....## .#..... ...# .# #... ...
.# ... ## ..


You could see 2 wights.

Vanquished Creatures
  3 wights (D:4)
  2 orc priests
  Robin (D:3)
  4 adders
  A worm (D:1)
  8 orcs
  7 endoplasms
  5 giant cockroaches
  3 hobgoblins
  4 quokkas
  10 ball pythons
  11 bats
  2 frilled lizards (D:1)
  12 goblins
  11 kobolds (D:1)
  7 rats
91 creatures vanquished.

Vanquished Creatures (others)
  8 plants (D:1)
8 creatures vanquished.

Grand Total: 99 creatures vanquished

Notes
Turn   | Place    | Note
-------+----------+-------------------------------------------
     0 | D:1      | qw the Tengu Warper began the quest for the Orb.
     0 | D:1      | Reached XP level 1. HP: 12/12 MP: 4/4
     0 | D:1      | 0 ||| qw: Version: 0.1-a-89-g26bdef1
     0 | D:1      | 0 ||| qw: Game counter: 811
     0 | D:1      | 0 ||| qw: Always use a shield: true
     0 | D:1      | 0 ||| qw: God list: Okawaru
     0 | D:1      | 0 ||| qw: Allow faded altars: false
     0 | D:1      | 0 ||| qw: Do Orc after D:15 true
     0 | D:1      | 0 ||| qw: Do second Lair branch before Depths: true
     0 | D:1      | 0 ||| qw: Lair rune preference: random
     0 | D:1      | 0 ||| qw: Plans: Normal
     0 | D:1      | 0 ||| PLANNING D:1-11
    20 | D:1      | 20 ||| Stepping ~*~*~tactically~*~*~ (stealth).
   117 | D:1      | 117 ||| Stepping ~*~*~tactically~*~*~ (stealth).
   398 | D:1      | Reached XP level 2. HP: 17/17 MP: 6/6
   426 | D:1      | Reached skill level 3 in Axes
   440 | D:1      | Found Ficoixt's Jewellery Emporium.
   565 | D:1      | 565 ||| Stepping ~*~*~tactically~*~*~ (stealth).
   577 | D:1      | 577 ||| Stepping ~*~*~tactically~*~*~ (stealth).
   617 | D:1      | 617 ||| SHOPLISTING +4 ring of protection (468 gold, have
                  | 17).
   617 | D:1      | 617 ||| SHOPLISTING +6 ring of strength (468 gold, have
                  | 17).
   617 | D:1      | 617 ||| SHOPLISTING amulet of the acrobat (390 gold, have
                  | 17).
   617 | D:1      | 617 ||| SHOPLISTING ring of fire (325 gold, have 17).
   617 | D:1      | 617 ||| SHOPLISTING ring of resist corrosion (260 gold,
                  | have 17).
   617 | D:1      | 617 ||| SHOPLISTING ring of willpower (325 gold, have 17).
   744 | D:1      | Reached XP level 3. HP: 10/21 MP: 7/7
   965 | D:1      | 965 ||| Stepping ~*~*~tactically~*~*~ (stealth).
  1172 | D:1      | Found a faded altar of an unknown god.
  1361 | D:1      | Reached skill level 4 in Axes
  1374 | D:1      | 1374 ||| Stepping ~*~*~tactically~*~*~ (stealth).
  1421 | D:1      | 1421 ||| Stepping ~*~*~tactically~*~*~ (stealth).
  1573 | D:1      | 1573 ||| UPGRADING to +0 chain mail.
  1583 | D:1      | 1583 ||| DROPPING +0 leather armour.
  1584 | D:1      | 1584 ||| UPGRADING to +2 cloak of willpower.
  1589 | D:1      | 1589 ||| READING 3 scrolls labelled QEEKHLOSAH.
  1590 | D:1      | 1590 ||| READING scroll labelled MAZ YXALIENT.
  1591 | D:1      | 1591 ||| READING 2 scrolls of identify.
  1591 | D:1      | 1591 ||| IDENTIFYING yellow potion
  1592 | D:1      | 1592 ||| DRINKING potion of experience.
  1592 | D:1      | Reached skill level 12 in Axes
  1592 | D:1      | Reached XP level 4. HP: 26/26 MP: 8/8
  1593 | D:1      | 1593 ||| DROPPING scroll of blinking.
  1633 | D:2      | 1633 ||| STAIRDANCE
  1671 | D:2      | 1671 ||| Stepping ~*~*~tactically~*~*~ (stealth).
  1730 | D:2      | 1730 ||| DROPPING +0 whip.
  1740 | D:2      | Found a snail-covered altar of Cheibriados.
  1842 | D:2      | 1842 ||| Stepping ~*~*~tactically~*~*~ (stealth).
  2264 | D:2      | 2264 ||| DROPPING +6 ring of intelligence.
  2265 | D:2      | 2265 ||| READING scroll labelled ZAORIT DYAST.
  2266 | D:2      | 2266 ||| READING scroll labelled VIMOEGUCIP.
  2271 | D:2      | 2271 ||| DRINKING 2 grey potions.
  2272 | D:2      | 2272 ||| DRINKING 2 bubbling red potions.
  2273 | D:2      | 2273 ||| DRINKING 2 fuming orange potions.
  2274 | D:2      | 2274 ||| READING 2 scrolls of identify.
  2274 | D:2      | 2274 ||| IDENTIFYING white potion
  2275 | D:2      | 2275 ||| DROPPING potion of degeneration.
  2276 | D:2      | 2276 ||| DROPPING potion of flight.
  2316 | D:3      | Gained mutation: Your magical nature lets you fly swiftly
                  | and evasively. [Tengu growth]
  2316 | D:3      | Reached XP level 5. HP: 30/30 MP: 9/9
  2321 | D:3      | 2321 ||| Stepping ~*~*~tactically~*~*~ (stealth).
  2323 | D:3      | 2323 ||| Stepping ~*~*~tactically~*~*~ (hiding).
  2443 | D:3      | Found a bloodstained altar of Trog.
  2529 | D:3      | 2529 ||| Stepping ~*~*~tactically~*~*~ (stealth).
  2531 | D:3      | 2531 ||| Stepping ~*~*~tactically~*~*~ (stealth).
  2543 | D:3      | Noticed Robin
  2544 | D:3      | 2544 ||| Stepping ~*~*~tactically~*~*~ (stealth).
  2545 | D:3      | 2545 ||| Stepping ~*~*~tactically~*~*~ (stealth).
  2547 | D:3      | 2547 ||| Stepping ~*~*~tactically~*~*~ (hiding).
  2555 | D:3      | Killed Robin
  3063 | D:3      | 3063 ||| READING scroll labelled ZEAWOI HESUM.
  3064 | D:3      | 3064 ||| READING 4 scrolls of identify.
  3064 | D:3      | 3064 ||| IDENTIFYING inky potion
  3065 | D:3      | 3065 ||| READING 3 scrolls of identify.
  3065 | D:3      | 3065 ||| IDENTIFYING clear potion
  3066 | D:3      | 3066 ||| READING 2 scrolls of identify.
  3066 | D:3      | 3066 ||| IDENTIFYING lumpy inky potion
  3067 | D:3      | 3067 ||| DROPPING potion of lignification.
  3068 | D:3      | 3068 ||| Stepping randomly (stuck).
  3069 | D:3      | 3069 ||| Stepping ~*~*~tactically~*~*~ (cloud).
  3073 | D:3      | HP: 7/30 [poisoned by you (poison gas)]
  3077 | D:3      | HP: 3/30 [poisoned by you (poison gas)]
  3413 | D:4      | 3413 ||| STAIRDANCE
  3419 | D:4      | 3419 ||| STAIRDANCE
  3484 | D:4      | 3484 ||| Stepping ~*~*~tactically~*~*~ (stealth).
  3486 | D:4      | 3486 ||| Stepping ~*~*~tactically~*~*~ (hiding).
  3488 | D:4      | 3488 ||| Stepping ~*~*~tactically~*~*~ (hiding).
  3538 | D:4      | 3538 ||| FLEEEEING.
  3539 | D:4      | 3539 ||| FLEEEEING.
  3540 | D:4      | 3540 ||| FLEEEEING.
  3541 | D:4      | 3541 ||| FLEEEEING.
  3542 | D:4      | 3542 ||| FLEEEEING.
  3543 | D:4      | 3543 ||| FLEEEEING.
  3544 | D:4      | 3544 ||| FLEEEEING.
  3545 | D:4      | 3545 ||| FLEEEEING.
  3546 | D:4      | 3546 ||| FLEEEEING.
  3547 | D:4      | 3547 ||| STAIRDANCE
  3761 | D:4      | Found a shadowy altar of Dithmenos.
  3774 | D:4      | Reached XP level 6. HP: 36/36 MP: 10/10
  3827 | D:4      | 3827 ||| Stepping ~*~*~tactically~*~*~ (stealth).
  3829 | D:4      | 3829 ||| Stepping ~*~*~tactically~*~*~ (hiding).
  3831 | D:4      | 3831 ||| Stepping ~*~*~tactically~*~*~ (hiding).
  3839 | D:4      | Reached skill level 3 in Fighting
  3851 | D:4      | HP: 8/37 [wight/+1 spear of flaming (3)]
  3852 | D:4      | 3852 ||| DRINKING potion of heal wounds.
  3855 | D:4      | Reached skill level 3 in Armour
  3862 | D:4      | HP: 5/35 [wight/+1 spear of flaming (6)]
  3865 | D:4      | HP: 2/35 [wight/+1 spear of flaming (1)]
  3866 | D:4      | Mangled by a wight

Levels and vault maps discovered:
D:1:      ebering_trefoil_3fold, layout_loops_ring, serial_shops,
          nicolae_shop_statue_plus, dilly_ecumenical_altar_fadedgnrine,
          lexackson_kobold_supper
D:2:      layout_rooms, basic_altar
D:3:      layout_basic, trog_butcher_becter, lemuel_flame_loot_1, uniq_robin
D:4:      layout_cave_pools, grunt_dithmenos_smoke,
          minmay_temple_entry_mini_moons, serial_shops, shop

Skill      XL: |  1  2  3  4  5  6 |
---------------+-------------------+-----
Axes           | 3 12 | 12.1
Armour         | 2 3 |  3.1
Fighting       | 3 |  3.3
Throwing       | |  1.0
Dodging        | |  2.1
Spellcasting   | |  2.0
Translocations | |  2.4

Action                   |  1- 3 |  4- 6 || total
-------------------------+-------+-------++-------
Melee: Hand axe          |    85 |   144 ||   229
       Peck              |     9 |    26 ||    35
       Kick              |    15 |    30 ||    45
       Punch             |       |     1 ||     1
Throw: Boomerang         |     7 |    16 ||    23
  Use: Scroll            |     3 |     7 ||    10
       Potion            |     1 |     4 ||     5
Armor: Leather armour    |    29 |       ||    29
       Chain mail        |       |    77 ||    77
Dodge: Dodged            |    55 |    29 ||    84

Table legend:
 A = Non-vault XP
 B = Vault XP
 C = Vault XP percentage of total XP
 D = Non-vault monster count
 E = Vault monster count
 F = Vault count percentage of total count
                 A         B        C        D         E       F
            +---------+---------+-------+---------+---------+-------
      Total |     468 |      40 |   7.9 |      75 |      16 |  17.6
            +---------+---------+-------+---------+---------+-------
        D:1 |      50 |      10 |  16.7 |      31 |       8 |  20.5
        D:2 |      41 |       0 |   0.0 |      19 |       0 |   0.0
        D:3 |      60 |      30 |  33.3 |      10 |       8 |  44.4
        D:4 |     317 |       0 |   0.0 |      15 |       0 |   0.0
            +---------+---------+-------+---------+---------+-------
